 Dungeon Crawl Stone Soup version 0.19.5 (webtiles) character file.

105 doot the Digger (level 4, -7/24 HPs)
             Began as a Gargoyle Earth Elementalist on May 7, 2017.
             Killed by divine providence
             ... invoked by an orc priest
              (14 damage)
             ... on level 3 of the Dungeon.
             The game lasted 00:11:17 (2394 turns).

doot the Digger (Gargoyle Earth Elementalist)       Turns: 2394, Time: 00:11:44

Health: -7/24      AC:  5    Str: 11    XL:     4   Next: 81%
Magic:  8/8        EV: 17    Int: 22    God:
Gold:   162        SH:  0    Dex: 15    Spells: 1 memorised, 7 levels left

rFire  . . .     SeeInvis +     w - +0 mace
rCold  . . .     Gourm    .     c - +0 robe
rNeg   + . .     Faith    .     (no shield)
rPois  ∞         Spirit   .     (no helmet)
rElec  +         Reflect  .     (no cloak)
rCorr  .         Harm     .     (no gloves)
MR     .....                    (no boots)
Stlth  +++.......               (no amulet)
                                (no ring)
                                q - ring of see invisible

@: brilliant, agile
A: negative energy resistance 1, electricity resistance, unbreathing,
petrification resistance, rot immunity, AC +3
a: no special abilities


You were on level 3 of the Dungeon.
You were hungry.

You visited 1 branch of the dungeon, and saw 3 of its levels.

You collected 162 gold pieces.

Inventory:

Hand Weapons
 g - a +0 war axe
 w - a +0 mace (weapon)
Missiles
 b - 3 stones (quivered)
Armour
 c - a +0 robe (worn)
Jewellery
 q - a ring of see invisible (left hand)
 u - an uncursed ring of protection from magic {unknown}
Wands
 y - a wand of iceblast (12/15)
Scrolls
 a - 9 scrolls of identify {unknown}
 f - 2 scrolls of random uselessness {unknown}
 i - a scroll of magic mapping {unknown}
 j - a scroll of blinking {unknown}
 k - 2 scrolls of recharging {unknown}
 l - a scroll of fog {unknown}
 m - 4 scrolls of teleportation {unknown}
 n - a scroll of noise {unknown}
 s - a scroll of fear {unknown}
 x - a scroll of enchant weapon {unknown}
Potions
 h - a potion of brilliance
Books
 e - a book of Geomancy

   Spells                             Type                      Level
   a - Sandblast                      Earth                        1
   b - Passwall                       Transmutation/Earth          2
   c - Stone Arrow                    Conjuration/Earth            3
   d - Petrify                        Transmutation/Earth          4
   e - Lee's Rapid Deconstruction     Earth                        5
Comestibles
 d - 4 bread rations
 o - 3 royal jellies
 p - a slice of pizza
 r - a meat ration
 t - a chunk of flesh


   Skills:
 + Level 0.4 Maces & Flails
 + Level 1.7 Dodging
 + Level 2.3 Stealth
 + Level 2.7 Spellcasting
   Level 0.7 Transmutations
 * Level 5.5 Earth Magic


You had 7 spell levels left.
You knew the following spells:

 Your Spells              Type           Power        Failure   Level  Hunger
a - Sandblast             Erth           #####.       1%          1    None


Dungeon Overview and Level Annotations

Branches:
Dungeon (3/15)

Altars:
Fedhas
Trog


Innate Abilities, Weirdness & Mutations

You are resistant to torment.
Your stone body is resilient. (AC +3)
You are immune to poison.
You resist negative energy. (rN+)
You are resistant to electric shocks. (rElec)
You can survive without breathing.
You are immune to petrification.
You are immune to rotting.


Message History

The orc is almost dead.
The orc misses you.
You barely miss the orc.
The orc is almost dead.
The orc priest barely misses you. The orc misses you.
You closely miss the orc.
The orc is almost dead.
The orc priest closely misses you. The orc barely misses you.
The orc priest hits you from afar with a trident.
* * * LOW HITPOINT WARNING * * *
It was a potion of brilliance.
You feel clever all of a sudden. The orc completely misses you.
The orc priest closely misses you.
It was a potion of agility.
You feel agile all of a sudden. The orc closely misses you.
The orc priest calls down the wrath of Beogh upon you.
Beogh smites you!
Ouch! That really hurt!
You die...

### ..# ######## #.#
.......# # #.#
.#####.##.#######.##
..## #........o....#
...# ####..##.###..#
..## ......[@o.# .##
#.#...###o# .# #...#
#.# .# ###.# #.# '##
#.###.###.# ..##
#.....o.[.# )..##
#####.##### ....##
##.###.#
.....####...##.#######


You could see an orc priest and an orc.

Vanquished Creatures
  4 adders
  2 worms (D:2)
  A dart slug (D:3)
  A leopard gecko (D:2)
  4 orcs (D:3)
  4 hobgoblins
  3 jackals (D:1)
  3 kobolds
  2 quokkas
  8 bats
  5 frilled lizards
  9 goblins
  14 rats
60 creatures vanquished.

Notes
Turn   | Place    | Note
-------+----------+-------------------------------------------
     0 | D:1      | doot the Gargoyle Earth Elementalist began the quest for the Orb.
     0 | D:1      | Reached XP level 1. HP: 10/10 MP: 3/3
   250 | D:1      | Reached skill level 4 in Earth Magic
   287 | D:1      | Reached XP level 2. HP: 13/15 MP: 1/5
   652 | D:2      | Reached XP level 3. HP: 19/19 MP: 0/6
  1175 | D:2      | Reached skill level 5 in Earth Magic
  1299 | D:2      | Found a blossoming altar of Fedhas.
  1429 | D:3      | Reached XP level 4. HP: 24/24 MP: 5/7
  2256 | D:3      | Found a blossoming altar of Fedhas.
  2256 | D:3      | Found a bloodstained altar of Trog.
  2394 | D:3      | Killed from afar by an orc priest

Skill      XL: |  1  2  3 |
---------------+----------+-----
Earth Magic    | 4 5 |  5.5
Maces & Flails | |  0.4
Dodging        | |  1.7
Stealth        | |  2.3
Spellcasting   | |  2.7
Transmutations | |  0.7

Action                   |  1- 3 |  4- 6 || total
-------------------------+-------+-------++-------
Melee: Mace              |       |    40 ||    40
 Cast: Sandblast         |    59 |    20 ||    79
  Use: Potion            |       |     2 ||     2
  Eat: Chunk             |     1 |     4 ||     5
Armor: Robe              |     9 |     9 ||    18
Dodge: Dodged            |    18 |    47 ||    65
